 Seeded DCSS version 0.30.0-18-gc0e69614cb (webtiles) character file.

Game seed: 5347910883644396414 (custom seed)

23281 CInkIbrahim the Severer (level 12, -7/117 HPs)
             Began as a Minotaur Fighter on May 25, 2023.
             Was a High Priest of the Shining One.
             Mangled by a manticore (11 damage)
             ... summoned by Kirke
             ... on level 3 of the Lair of Beasts.
             The game lasted 00:25:22 (12114 turns).

CInkIbrahim the Severer (Minotaur Fighter)         Turns: 12114, Time: 00:25:22

Health: -7/117     AC:  0    Str: 26    XL:     12   Next: 70%
Magic:  11/11      EV: 13    Int:  5    God:    the Shining One [*****.]
Gold:   935        SH:  0    Dex: 10    Spells: 11/11 levels left

rFire   . . .        a - melded +13 consecrated labrys {holy, Valiant Fragile Fly SInv}
rCold   . . .        c - melded +0 buckler
rNeg    + + .        Z - melded +2 swamp dragon scales
rPois   .            T - melded +0 hat of Qudahora {rC+++}
rElec   .            y - melded +2 cloak
rCorr   .            (gloves currently unavailable)
SInv    .            d - melded +0 pair of boots
Will    .....        G - amulet of regeneration
Stlth   +            g - melded +5 ring of evasion
HPRegen 1.19/turn    U - melded ring of Foyxy {rElec rF- rN++ rCorr Slay+4}
MPRegen 0.12/turn

%: no passive effects
@: pig-form, glowing, very quick
A: fast, no casting, small, (horns 2), (retaliatory headbutt)
a: Renounce Religion, Divine Shield, Cleansing Flame, Summon Divine Warrior


You were on level 3 of the Lair of Beasts.
You worshipped the Shining One.
The Shining One was extremely pleased with you.
You were a filthy swine.
You visited 3 branches of the dungeon, and saw 14 of its levels.
You also visited: Gauntlet.

You collected 935 gold pieces.

Inventory:

Hand Weapons
 a - the +13 consecrated labrys (melded) {holy, Valiant Fragile Fly SInv}
   (You found it on level 5 of the Dungeon)

   Valiant:   It becomes more powerful as more dangerous foes come into view.
   SInv:      It lets you see invisible.
   Fly:       It grants you flight.
   Fragile:   It will be destroyed if unequipped.
Missiles
 m - 33 poisoned darts (quivered)
 J - 6 curare-tipped darts
Armour
 c - a +0 buckler (melded)
 d - a +0 pair of boots (melded)
 y - a +2 cloak (melded)
 S - a +0 hat of willpower
 T - the +0 hat of Qudahora (melded) {rC+++}
   (You found it in a Gauntlet)

   rC:        It renders you almost immune to cold.
 W - +1 pearl dragon scales
 Y - a +3 leather armour of cold resistance
 Z - +2 swamp dragon scales (melded)
Jewellery
 g - a +5 ring of evasion (melded)
 n - a +5 ring of evasion
 q - the ring of Hozustrel {*Corrode rElec rN+ Will++ MP+9}
   (You found it on level 2 of the Dungeon)

   [ring of magical power]

   rElec:     It insulates you from electricity.
   rN:        It protects you from negative energy.
   MP:        It affects your magic capacity (+9).
   *Corrode:  It may corrode you when you take damage.
   Will:      It greatly increases your willpower.
 G - an amulet of regeneration (around neck)
 H - a ring of fire
 N - an amulet of reflection
 U - the ring of Foyxy (melded) {rElec rF- rN++ rCorr Slay+4}
   (You found it in a Gauntlet)

   [ring of slaying]

   Slay:      It affects your accuracy & damage with ranged weapons and melee
   (+4).
   rF:        It makes you vulnerable to fire.
   rElec:     It insulates you from electricity.
   rN:        It greatly protects you from negative energy.
   rCorr:     It protects you from acid and corrosion.
Wands
 r - a wand of iceblast (13)
 w - a wand of digging (2)
 x - a wand of polymorph (5)
 A - a wand of flame (26)
 C - a wand of paralysis (17)
 F - a wand of quicksilver (18)
Scrolls
 e - a scroll of magic mapping
 f - a scroll of fear {unknown}
 i - 2 scrolls of vulnerability {unknown}
 j - 2 scrolls of amnesia
 l - 10 scrolls of teleportation
 o - 5 scrolls of noise
 u - 2 scrolls of poison {unknown}
 B - 2 scrolls of silence {unknown}
 D - a scroll of acquirement {unknown}
 E - a scroll of immolation {unknown}
 M - 2 scrolls of enchant armour
 R - a scroll of enchant weapon {unknown}
 X - 3 scrolls of blinking {unknown}
Potions
 b - 3 potions of brilliance
 h - 4 potions of curing
 k - 2 potions of magic
 p - 2 potions of flight
 t - a potion of resistance
 z - 5 potions of haste
 I - a potion of might
 K - a potion of heal wounds
 L - 2 potions of lignification
Miscellaneous
 O - a piece from Xom's chessboard (15/15)
 P - a lightning rod (4/4)
 Q - a box of beasts


   Skills:
 + Level 14.0 Fighting
 - Level 18.0 Axes
 * Level 10.7 Armour
 + Level 7.8 Shields


You had 11 spell levels left.
You didn't know any spells.
Your spell library contained the following spells:

 Spells                   Type           Power      Damage    Failure   Level
 Apportation              Tloc           0%         N/A       47%         1
 Beastly Appendage        Tmut           0%         N/A       47%         1
 Freeze                   Ice            0%         1d3       47%         1
 Necrotise                Necr           0%         1d4       47%         1
 Summon Small Mammal      Summ           0%         N/A       47%         1
 Lesser Beckoning         Tloc           0%         N/A       63%         2
 Momentum Strike          Conj/Tloc      0%         3d8       63%         2
 Wereblood                Tmut           0%         N/A       63%         2
 Frozen Ramparts          Ice            0%         1d1       85%         3
 Hailstorm                Conj/Ice       0%         3d3       85%         3
 Spider Form              Tmut/Pois      0%         N/A       85%         3
 Volatile Blastmotes      Fire/Tloc      0%         2d10      85%         3
 Iskenderun's Mystic Bla  Conj/Tloc      0%         2d3       99%         4
 Petrify                  Tmut/Erth      0%         N/A       99%         4
 Blade Hands              Tmut           0%         N/A       100%        5
 Summon Forest            Summ/Tloc      0%         N/A       100%        5
 Malign Gateway           Summ/Tloc      0%         N/A       100%        7


Dungeon Overview and Level Annotations

Branches:
Dungeon (10/15)            Temple (1/1) D:7            Lair (3/5) D:8
  Snake (0/4) Lair:2      Gauntlet (visited)
  Swamp: Lair:2-3    Shoals: Lair:2-3       Orc: D:9-12

Altars:
Ashenzari
Cheibriados
Dithmenos
Elyvilon
Fedhas
Gozag
Hepliaklqana
Kikubaaqudgha
Makhleb
Nemelex Xobeh
Okawaru
Qazlal
Ru
Sif Muna
Trog
Uskayaw
Vehumet
Wu Jian
Xom
Yredelemnul
Zin
The Shining One

Shops:
D:3 [

Annotations:
Lair:3 Kirke


Innate Abilities, Weirdness & Mutations

You are a filthy swine.
You move quickly.
Your equipment is almost entirely melded.
You are incapable of wielding weapons or throwing items.
You cannot cast spells.
((You have a pair of horns on your head.))
((You reflexively headbutt those who attack you in melee.))


Message History

The ring of Foyxy {rElec rF- rN++ rCorr Slay+4} melds into your body.
You float gracefully downwards.
The +13 consecrated labrys {holy, Valiant Fragile Fly SInv} stops glowing.
You bite Kirke!
Kirke is severely wounded.
You barely miss Kirke.
Kirke is severely wounded.
Kirke hits you!
You hit Kirke.
Kirke is almost dead.
Kirke gestures wildly while chanting.
Kirke summons a manticore!
You hit Kirke.
Kirke is almost dead.
Kirke closely misses you.
You hit Kirke.
Kirke is almost dead.
The manticore closely misses you. The manticore claws you!
The manticore barely misses you. Kirke hits you!
You hit Kirke.
Kirke is almost dead.
The manticore bites you!! The manticore claws you!
The manticore closely misses you.
You hit Kirke.
Kirke is almost dead.
Kirke hits you! The manticore bites you!!
* * * LOW HITPOINT WARNING * * *
The manticore claws you!
* * * LOW HITPOINT WARNING * * *
The manticore misses you.
You feel much better. Kirke hits you!
* * * LOW HITPOINT WARNING * * *
The manticore bites you!
* * * LOW HITPOINT WARNING * * *
The manticore barely misses you. The manticore closely misses you.
As you read the scroll of summoning, it crumbles to dust.
Wisps of shadow whirl around you... Kirke hits you.
* * * LOW HITPOINT WARNING * * *
The manticore completely misses you. The manticore claws you!
You die...

## .. #.. . ...
P. .# ...###.
?..
.....#.#####....
................
.......H..F.....
...P...Sh@......
..#P##.###.....
#.†.# ... ##...#
# #....## .
##.....##....
#....<......#
##....##....#
##..+# #...#


You could see Kirke (invisible, ally target), a manticore (summoned, ally
target), a friendly water moccasin (summoned) and a friendly bullfrog
(summoned).

Vanquished Creatures
  Gastronok (Lair:2)
  A minotaur (Gauntlet)
  A boulder beetle (Lair:2)
  3 two-headed ogres (D:10)
  A death yak (Lair:1)
  A sixfirhy (Gauntlet)
  Amaemon (D:8)
  Sonja (Lair:2)
  Joseph (D:7)
  A moth of wrath (Gauntlet)
  3 black mambas (Lair:2)
  4 elephants
  A rust devil (Gauntlet)
  An orange demon (D:8)
  A gargoyle (D:10)
  An eye of devastation (Gauntlet)
  An unseen horror (D:10)
  2 rime drakes
  A komodo dragon (Lair:1)
  An ice devil (Lair:1)
  4 polar bears (Lair:1)
  Grinder (D:3)
  A blink frog (Lair:2)
  5 wyverns
  A vampire (D:10)
  A ynoxinul (Gauntlet)
  18 yaks
  A dire elephant simulacrum (Lair:1)
  3 hogs (Lair:3)
  A golden eye (Gauntlet)
  2 basilisks
  2 steam dragons (D:9)
  Duvessa (D:4)
  A floating eye (Gauntlet)
  7 water moccasins
  An orc warrior (D:7)
  An ice beast (D:7)
  5 black bears
  A sky beast (D:8)
  3 centaurs
  6 wolves
  3 kobold brigands
  3 bullfrogs
  6 scorpions
  12 wights
  Dowan (D:4)
  3 electric eels
  9 howler monkeys
  3 jellies
  2 hounds
  3 iron imps (Gauntlet)
  6 orc priests
  Crazy Yiuf (D:5)
  A gnoll bouda (D:4)
  4 iguanas
  6 orc wizards
  A troll simulacrum (Lair:1)
  5 hell rats (Lair:3)
  A spriggan simulacrum (Lair:1)
  12 gnolls
  9 adders
  A naga simulacrum (Lair:1)
  A shadow imp (D:5)
  4 white imps
  4 ufetubi
  5 worms
  A dart slug (D:1)
  34 orcs
  2 ball pythons
  7 endoplasms
  A giant cockroach (D:2)
  5 hobgoblins
  21 kobolds
  2 quokkas (D:1)
  12 bats
  4 frilled lizards
  6 goblins
  10 rats
  2 butterflies
307 creatures vanquished.

Notes
Turn   | Place    | Note
-------+----------+-------------------------------------------
     0 | D:1      | CInkIbrahim the Minotaur Fighter began the quest for the
                  | Orb.
     0 | D:1      | Reached XP level 1. HP: 19/19 MP: 0/0
   275 | D:1      | Reached skill level 3 in Axes
   453 | D:1      | Reached XP level 2. HP: 20/26 MP: 1/1
   967 | D:2      | Reached skill level 4 in Axes
  1276 | D:2      | Reached XP level 3. HP: 31/31 MP: 2/2
  1375 | D:2      | Identified the ring of Hozustrel {*Corrode rElec rN+ Will++
                  | MP+9}
  1709 | D:3      | Found a blossoming altar of Fedhas.
  1760 | D:3      | Reached skill level 5 in Axes
  1762 | D:3      | Reached XP level 4. HP: 37/39 MP: 3/3
  1819 | D:3      | Noticed a water moccasin
  1826 | D:3      | Killed a water moccasin
  1827 | D:3      | Reached skill level 7 in Axes
  1827 | D:3      | Reached XP level 5. HP: 20/45 MP: 4/4
  2007 | D:3      | Noticed Grinder
  2027 | D:3      | Paralysed by Grinder for 4 turns
  2038 | D:3      | Killed Grinder
  2039 | D:3      | Reached skill level 8 in Axes
  2039 | D:3      | Reached XP level 6. HP: 31/51 MP: 5/5
  2128 | D:3      | Found Veutahad's Armour Shoppe.
  2287 | D:3      | Found a glowing golden altar of the Shining One.
  2321 | D:3      | Became a worshipper of the Shining One
  2381 | D:3      | Found a white marble altar of Elyvilon.
  2530 | D:4      | Reached skill level 9 in Axes
  2672 | D:4      | Reached XP level 7. HP: 49/57 MP: 6/6
  3069 | D:4      | Noticed Dowan
  3070 | D:4      | Noticed Duvessa
  3083 | D:4      | Killed Duvessa
  3084 | D:4      | Reached skill level 10 in Axes
  3088 | D:4      | Killed Dowan
  3501 | D:4      | Reached skill level 11 in Axes
  4149 | D:5      | Entered Level 5 of the Dungeon
  4179 | D:5      | Reached XP level 8. HP: 64/64 MP: 7/7
  4399 | D:5      | Found a shadowy altar of Dithmenos.
  4416 | D:5      | Reached * piety under the Shining One
  4422 | D:5      | Reached skill level 12 in Axes
  4466 | D:5      | Found the +4 consecrated labrys {holy, Valiant Fragile Fly
                  | SInv}
  4469 | D:5      | Found an iron altar of Okawaru.
  4493 | D:5      | Noticed a +0 dagger
  4494 | D:5      | Noticed a +0 hand axe
  4501 | D:5      | Found a hide-covered altar of Uskayaw.
  4617 | D:5      | Found a runed translucent door.
  4783 | D:5      | Noticed Crazy Yiuf
  4790 | D:5      | Killed Crazy Yiuf
  4865 | D:6      | Reached skill level 13 in Axes
  5118 | D:6      | Found a radiant altar of Vehumet.
  5411 | D:6      | Found a sparkling altar of Nemelex Xobeh.
  5578 | D:7      | Reached XP level 9. HP: 71/71 MP: 8/8
  5638 | D:7      | Found a burning altar of Makhleb.
  5694 | D:7      | Reached skill level 14 in Axes
  5694 | D:7      | Reached ** piety under the Shining One
  5710 | D:7      | Found a staircase to the Ecumenical Temple.
  5776 | Temple   | Entered the Ecumenical Temple
  6358 | D:7      | Noticed Joseph
  6369 | D:7      | Killed Joseph
  6449 | D:7      | Reached skill level 15 in Axes
  6506 | D:8      | Noticed Amaemon
  6506 | D:8      | Noticed an orange demon
  6510 | D:8      | Killed Amaemon
  6511 | D:8      | Reached skill level 5 in Fighting
  6514 | D:8      | Killed an orange demon
  6562 | D:8      | Found a hazy altar of Hepliaklqana.
  6578 | D:8      | Reached skill level 16 in Axes
  6578 | D:8      | Reached XP level 10. HP: 81/81 MP: 9/9
  6705 | D:8      | Reached skill level 5 in Armour
  6764 | D:8      | Found a staircase to the Lair.
  6764 | D:8      | Noticed an elephant
  6771 | D:8      | Killed an elephant
  7516 | D:9      | Reached *** piety under the Shining One
  7822 | D:9      | Reached skill level 17 in Axes
  8118 | D:10     | Entered Level 10 of the Dungeon
  8197 | D:10     | Noticed a two-headed ogre
  8204 | D:10     | Killed a two-headed ogre
  8223 | D:10     | Noticed a two-headed ogre
  8226 | D:10     | Noticed a gargoyle
  8230 | D:10     | Killed a two-headed ogre
  8233 | D:10     | Killed a gargoyle
  8234 | D:10     | Reached XP level 11. HP: 81/94 MP: 10/10
  8335 | D:10     | Found an ancient bone altar of Kikubaaqudgha.
  8340 | D:10     | Found a snail-covered altar of Cheibriados.
  8690 | D:10     | Noticed a two-headed ogre
  8700 | D:10     | Killed a two-headed ogre
  8830 | D:10     | Found a shimmering altar of Xom.
  8970 | D:10     | Found an opulent altar of Gozag.
  9064 | D:10     | Found a bloodstained altar of Trog.
  9842 | Lair:1   | Entered Level 1 of the Lair of Beasts
  9867 | Lair:1   | Reached skill level 18 in Axes
  9869 | Lair:1   | Found a gate leading to a gauntlet.
  9887 | Gauntlet | Entered a Gauntlet
  9887 | Gauntlet | Found a transporter.
  9887 | Gauntlet | Found a transporter.
  9888 | Gauntlet | Found a transporter.
  9888 | Gauntlet | Noticed a hell hog
  9891 | Gauntlet | Found a transporter.
  9891 | Gauntlet | Found a transporter.
  9895 | Gauntlet | Noticed a thrashing horror
  9907 | Gauntlet | Found a transporter.
  9908 | Gauntlet | Found a transporter.
  9914 | Gauntlet | Found a transporter.
  9918 | Gauntlet | Reached **** piety under the Shining One
  9922 | Gauntlet | Found a transporter.
  9942 | Gauntlet | Found a transporter.
  9948 | Gauntlet | Found a transporter.
  9956 | Gauntlet | Noticed a sixfirhy
  9966 | Gauntlet | Found a transporter.
 10090 | Gauntlet | Reached skill level 5 in Shields
 10122 | Gauntlet | Killed a sixfirhy
 10164 | Gauntlet | Identified the +0 hat of Qudahora {rC+++}
 10194 | Gauntlet | Identified the ring of Foyxy {rElec rF- rN++ rCorr Slay+4}
 10230 | Gauntlet | Identified the +3 war axe "Yboerchadgh" {heavy, Drain rCorr
                  | Str+6}
 10230 | Gauntlet | Noticed a minotaur
 10243 | Gauntlet | Killed a minotaur
 10244 | Gauntlet | Reached skill level 10 in Fighting
 10282 | Gauntlet | Got Feruan's Quarto of the Switch and the Traveller
 10286 | Gauntlet | Identified the +3 sling "Ultimatum" {flame, *Corrode rElec
                  | Dex+5}
 10287 | Gauntlet | Got the Incunabulum of Peregrination
 10638 | Lair:1   | Noticed a death yak
 10642 | Lair:1   | Reached XP level 12. HP: 73/110 MP: 11/11
 10648 | Lair:1   | Killed a death yak
 11411 | Lair:2   | Found a staircase to the Snake Pit.
 11425 | Lair:2   | Noticed Gastronok
 11431 | Lair:2   | Killed Gastronok
 11499 | Lair:2   | Reached skill level 10 in Armour
 11643 | Lair:2   | Noticed Sonja
 11650 | Lair:2   | Killed Sonja
 11676 | Lair:2   | Found the +2 Maxwell's thermic engine {flame, freeze, rev}
 11730 | Lair:2   | Noticed a boulder beetle
 11744 | Lair:2   | Killed a boulder beetle
 12080 | Lair:3   | Reached ***** piety under the Shining One
 12094 | Lair:3   | Noticed Kirke
 12114 | Lair:3   | HP: 4/117 [Kirke (5)]
 12114 | Lair:3   | Mangled by a manticore

Illustrated notes

Levels and vault maps discovered:
D:1:      dpeg_arrival_another_circle, layout_basic, serial_glass,
          glass_columns_b, glass_columns_a, item_on_display_a,
          minmay_strange_pillars
D:2:      layout_loops_ring, wander_ebering_terrifying_dragon_lair
D:3:      layout_rooms, fedhas_altar_1, mainiacjoe_overflow_brackets,
          tso_metal_star, serial_shops, nicolae_shop_rolling_square,
          lightli_corner_chamber, uniq_grinder
D:4:      layout_layer_cave, st_stairs_13, uniq_duvessa
D:5:      layout_rooms, okawaru_ov_weapons_minmay,
          nicolae_dithmenos_shadow_blocks, dancing_weapons_uskayaw,
          chequers_serial_rivers_micro_c, roderic_batcave,
          uniq_crazy_yiuf_cottage
D:6:      layout_loops_ring, vehumet_altar_wand_db,
          mainiacjoe_overflow_boulevard
D:7:      layout_basic, minmay_temple_entry_tees, hangedman_decor_riveting,
          david_defended_altar_orc, uniq_joseph
D:8:      layout_basic, lemuel_crystal_altar, david_lair_generic,
          lemuel_flame_loot_1, uniq_amaemon
D:9:      layout_basic
D:10:     layout_layer_cave, amcnicky_altar_gilded, tgw_trog, xom_butterflies,
          grunt_temple_overflow_open, st_stairs_8, chequers_garden
Temple:   hellmonk_temple_beads
Lair:1:   dreamdust_isle_of_ice, layout_small_grid, gauntlet_entry_generic,
          nicolae_lair_grazing_beasts [nicolae_sub_lair_graze_edge,
          nicolae_sub_lair_graze_edge, nicolae_sub_lair_graze_edge,
          nicolae_sub_lair_graze_edge], lemuel_fruit_fields, lemuel_fruit_fields
Lair:2:   layout_roguey, guppyfry_snake_entry_garden, wad_woods_river_01,
          uniq_sonja, uniq_gastronok
Lair:3:   layout_regular_city, nicolae_shoals_entry_roost, uniq_kirke

Skill      XL: |  1  2  3  4  5  6  7  8  9 10 11 12 |
---------------+-------------------------------------+-----
Axes           | 3 4 5 7 8 9 11 13 16 17 18 | 18.0
Armour         | 4 6 9 10 | 10.7
Fighting       | 4 5 7 11 14 | 14.0
Shields        | 4 6 7 |  7.8

Action                     |  1- 3 |  4- 6 |  7- 9 | 10-12 || total
---------------------------+-------+-------+-------+-------++-------
  Melee: War axe           |    86 |    68 |   119 |       ||   273
         Headbutt          |     7 |    12 |    36 |    55 ||   110
         Labrys            |       |       |    89 |   289 ||   378
         Unarmed           |       |       |       |     7 ||     7
 Invoke: Divine Shield     |       |       |       |     1 ||     1
  Evoke: Wand              |       |       |       |     1 ||     1
    Use: Scroll            |     4 |     1 |     2 |     9 ||    16
         Potion            |       |     4 |     2 |     1 ||     7
 Armour: Scale mail        |    41 |    15 |    22 |    30 ||   108
         Swamp dragon scal |       |       |       |    35 ||    35
  Dodge: Dodged            |    43 |    29 |   130 |   167 ||   369
  Block: Buckler           |    21 |    11 |    39 |    53 ||   124
